[ AOE2 MATCH · #506718820 ]
UnrankedMuisca vs Muisca
Player's team · LOSS
Rival team · WIN
[ REPLAY ANALYSIS · EXTRACTED FROM THE RECORDED GAME ]
Feudal
10:11
Castle
21:01
Imperial
53:57
| APM avg | 73.2 |
| APM peak | 148 |
| eAPM avg | 50.6 |
| Villagers / military | 391 / 286 |
Focus
⚔️ 66.6% · 🌾 33.4%
Skirmisher ×217 · Unknown (2562) ×127 · Mangonel ×28 · Unknown (2550) ×15 · Petard ×11 · Battering Ram ×11
Feudal
11:10
Castle
15:42
Imperial
39:37
| APM avg | 48.1 |
| APM peak | 77 |
| eAPM avg | 26.1 |
| Villagers / military | 360 / 41 |
Focus
⚔️ 40.2% · 🌾 59.8%
Unknown (2562) ×219 · Battering Ram ×16 · Mangonel ×14 · Unknown (2550) ×13 · Trebuchet (Packed) ×8 · Monk ×2
Match map
Initial resources + every placement click. Lines = walls · curves = elevation contours. ◆ gold · ⬟ stone · ● berries · ✦ relic · ◌ wall gap
Your base· ✓ Closed at 21:01 · 44t walls · no gate
DYN_BenderGC's base· Open — 10t gap
Smoothed initial terrain · ◌ = detected wall gap · hover for details
Inputs per minute
— KIV.YourAddHere - - DYN_BenderGC
Build order — KIV.YourAddHere
First 150 of 707 actions detected
| 0:00 | Create | Villager (Male) |
| 0:02 | Build | House |
| 0:03 | Build | House |
| 0:14 | Create | Villager (Male) |
| 0:15 | Create | Villager (Male) |
| 0:15 | Create | Villager (Male) |
| 0:15 | Create | Villager (Male) |
| 1:31 | Create | Villager (Male) |
| 1:31 | Create | Villager (Male) |
| 1:55 | Build | Settlement |
| 2:02 | Create | Villager (Male) |
| 2:20 | Create | Villager (Male) |
| 2:20 | Create | Villager (Male) |
| 2:40 | Create | Villager (Male) |
| 2:40 | Create | Villager (Male) |
| 2:53 | Create | Villager (Male) |
| 2:54 | Create | Villager (Male) |
| 3:39 | Create | Villager (Male) |
| 3:40 | Create | Villager (Male) |
| 3:40 | Create | Villager (Male) |
| 4:23 | Build | Barracks |
| 4:28 | Create | Villager (Male) |
| 4:41 | Create | Villager (Male) |
| 4:42 | Create | Villager (Male) |
| 5:25 | Create | Unit 2550 |
| 5:25 | Create | Villager (Male) |
| 5:36 | Build | Settlement |
| 5:46 | Create | Unit 2550 |
| 6:10 | Create | Villager (Male) |
| 6:14 | Research | Loom |
| 6:15 | Create | Villager (Male) |
| 6:42 | Create | Villager (Male) |
| 7:36 | Create | Villager (Male) |
| 8:00 | Research | Feudal Age |
| 8:10 | Build | Settlement |
| 8:36 | Create | Villager (Male) |
| 9:41 | Create | Villager (Male) |
| 9:43 | Create | Unit 2550 |
| 9:49 | Build | Farm |
| 9:50 | Build | Farm |
| 10:11 | Age | Feudal Age |
| 10:31 | Research | Tech 1402 |
| 10:35 | Research | Double-Bit Axe |
| 10:35 | Research | Double-Bit Axe |
| 10:38 | Create | Villager (Male) |
| 10:43 | Build | Archery Range |
| 10:58 | Create | Villager (Male) |
| 11:08 | Research | Horse Collar |
| 11:08 | Research | Horse Collar |
| 11:11 | Build | House |
| 11:26 | Create | Villager (Male) |
| 11:28 | Create | Archer |
| 11:34 | Build | House |
| 11:36 | Build | House |
| 11:38 | Build | Palisade Wall |
| 11:59 | Create | Villager (Male) |
| 12:01 | Create | Archer |
| 12:01 | Create | Archer |
| 12:24 | Create | Villager (Male) |
| 12:25 | Create | Archer |
| 12:38 | Create | Villager (Male) |
| 12:48 | Build | Watch Tower |
| 12:59 | Create | Villager (Male) |
| 13:00 | Create | Archer |
| 13:11 | Create | Villager (Male) |
| 13:13 | Build | Farm |
| 13:17 | Build | Farm |
| 13:23 | Build | Farm |
| 13:32 | Create | Archer |
| 13:53 | Create | Archer |
| 13:56 | Create | Villager (Male) |
| 13:57 | Build | Farm |
| 13:58 | Build | Farm |
| 14:01 | Build | House |
| 14:13 | Build | Watch Tower |
| 14:18 | Create | Archer |
| 14:20 | Create | Villager (Male) |
| 14:22 | Build | Farm |
| 14:56 | Create | Villager (Male) |
| 14:59 | Build | Farm |
| 15:01 | Build | Farm |
| 15:25 | Create | Villager (Male) |
| 15:27 | Build | Farm |
| 15:41 | Build | Palisade Wall |
| 15:42 | Build | Palisade Wall |
| 15:43 | Build | Palisade Wall |
| 15:43 | Build | Palisade Wall |
| 15:50 | Create | Villager (Male) |
| 16:07 | Create | Archer |
| 16:09 | Create | Villager (Male) |
| 16:12 | Build | Farm |
| 16:23 | Build | Settlement |
| 16:38 | Build | Settlement |
| 16:51 | Create | Villager (Male) |
| 17:04 | Build | Blacksmith |
| 17:08 | Build | House |
| 17:15 | Create | Archer |
| 17:29 | Create | Villager (Male) |
| 17:31 | Research | Town Watch |
| 18:21 | Research | Castle Age |
| 18:24 | Build | House |
| 18:37 | Create | Villager (Male) |
| 18:43 | Build | Market |
| 18:55 | Build | House |
| 18:56 | Build | Palisade Wall |
| 19:01 | Build | House |
| 19:23 | Create | Villager (Male) |
| 19:26 | Build | Palisade Wall |
| 19:35 | Build | Palisade Wall |
| 19:39 | Build | House |
| 19:58 | Build | Watch Tower |
| 20:09 | Create | Villager (Male) |
| 20:19 | Build | Watch Tower |
| 20:30 | Create | Villager (Male) |
| 20:38 | Research | Stone Mining |
| 20:38 | Research | Stone Mining |
| 20:41 | Research | Gold Mining |
| 20:41 | Research | Gold Mining |
| 20:54 | Build | House |
| 20:55 | Build | House |
| 21:00 | Build | Farm |
| 21:01 | Age | Castle Age |
| 21:05 | Build | Siege Workshop |
| 21:08 | Research | Fletching |
| 21:10 | Create | Villager (Male) |
| 21:16 | Create | Villager (Male) |
| 21:38 | Create | Mangonel |
| 21:40 | Create | Villager (Male) ×2 |
| 21:52 | Create | Villager (Male) |
| 22:08 | Build | House |
| 22:10 | Build | House |
| 22:11 | Build | House |
| 22:14 | Build | House |
| 22:17 | Build | House |
| 22:19 | Create | Villager (Male) |
| 22:51 | Create | Villager (Male) |
| 22:59 | Research | Bow Saw |
| 22:59 | Research | Bow Saw |
| 23:06 | Create | Mangonel |
| 23:12 | Create | Villager (Male) ×4 |
| 23:17 | Build | House |
| 23:30 | Build | Farm |
| 23:38 | Create | Villager (Male) |
| 23:50 | Create | Villager (Male) |
| 24:11 | Create | Mangonel |
| 24:21 | Build | House |
| 24:31 | Create | Mangonel |
| 24:48 | Build | Farm |
| 24:51 | Create | Villager (Male) ×3 |
| 25:02 | Build | Castle |
Build order — DYN_BenderGC
First 150 of 951 actions detected
| 0:00 | Create | Villager (Male) |
| 0:02 | Build | House |
| 0:08 | Create | Villager (Male) |
| 0:18 | Create | Villager (Male) |
| 0:20 | Create | Villager (Male) |
| 1:04 | Build | Settlement |
| 1:26 | Create | Villager (Male) |
| 2:04 | Create | Villager (Male) |
| 2:27 | Create | Villager (Male) |
| 2:47 | Create | Villager (Male) |
| 2:47 | Create | Villager (Male) |
| 2:48 | Create | Villager (Male) |
| 3:06 | Create | Villager (Male) |
| 3:07 | Create | Villager (Male) |
| 3:17 | Create | Villager (Male) |
| 3:36 | Create | Villager (Male) |
| 4:02 | Create | Villager (Male) |
| 4:09 | Create | Villager (Male) |
| 4:21 | Build | Settlement |
| 4:29 | Build | Settlement |
| 4:38 | Create | Villager (Male) |
| 4:42 | Create | Villager (Male) |
| 5:00 | Create | Villager (Male) |
| 5:01 | Create | Villager (Male) |
| 5:24 | Create | Villager (Male) |
| 5:43 | Build | Palisade Wall |
| 5:48 | Create | Villager (Male) |
| 6:10 | Build | Palisade Gate |
| 6:11 | Create | Villager (Male) |
| 6:16 | Create | Villager (Male) |
| 6:27 | Create | Villager (Male) |
| 6:34 | Build | House |
| 7:02 | Build | Palisade Wall |
| 7:03 | Create | Villager (Male) |
| 7:13 | Build | Palisade Wall |
| 7:35 | Create | Villager (Male) |
| 7:47 | Create | Villager (Male) |
| 7:55 | Build | Palisade Wall |
| 7:56 | Create | Villager (Male) |
| 8:09 | Create | Villager (Male) |
| 8:18 | Build | Settlement |
| 8:20 | Create | Villager (Male) |
| 8:20 | Create | Villager (Male) |
| 8:34 | Research | Loom |
| 8:55 | Research | Feudal Age |
| 9:20 | Create | Villager (Male) |
| 9:56 | Build | Palisade Wall |
| 9:58 | Build | Palisade Wall |
| 10:02 | Build | Palisade Wall |
| 10:04 | Build | Palisade Wall |
| 10:22 | Build | Palisade Wall |
| 10:26 | Build | Palisade Wall |
| 10:36 | Build | Palisade Wall |
| 10:38 | Build | Palisade Wall |
| 10:39 | Build | Palisade Wall |
| 10:44 | Build | Palisade Wall |
| 10:45 | Build | Palisade Wall |
| 11:06 | Build | Palisade Wall |
| 11:10 | Age | Feudal Age |
| 11:17 | Build | Blacksmith |
| 11:28 | Build | Market |
| 11:40 | Build | Palisade Wall |
| 11:50 | Create | Villager (Male) |
| 11:55 | Build | Palisade Wall |
| 12:00 | Build | Palisade Wall |
| 12:01 | Build | Palisade Wall |
| 12:03 | Build | Palisade Wall |
| 12:07 | Build | Palisade Wall |
| 12:27 | Build | Palisade Wall |
| 12:28 | Build | Palisade Wall |
| 12:28 | Build | Palisade Wall |
| 12:29 | Build | Palisade Wall |
| 12:29 | Build | Palisade Wall |
| 12:32 | Build | Palisade Wall |
| 12:34 | Build | Palisade Wall |
| 12:35 | Create | Villager (Male) |
| 12:53 | Build | Palisade Wall |
| 13:02 | Research | Castle Age |
| 13:02 | Research | Castle Age |
| 13:02 | Research | Castle Age |
| 13:27 | Research | Double-Bit Axe |
| 13:27 | Create | Villager (Male) |
| 13:31 | Create | Villager (Male) |
| 13:49 | Build | Watch Tower |
| 14:02 | Build | Palisade Wall |
| 14:03 | Create | Villager (Male) |
| 14:15 | Build | Palisade Wall |
| 15:42 | Age | Castle Age |
| 15:54 | Build | Castle |
| 16:13 | Build | Settlement |
| 16:18 | Build | Farm |
| 16:22 | Build | Farm |
| 16:32 | Create | Villager (Male) |
| 16:50 | Build | Farm |
| 16:51 | Create | Villager (Male) |
| 17:22 | Build | Farm |
| 17:28 | Create | Unit 2562 |
| 17:29 | Create | Unit 2562 |
| 17:46 | Build | Farm |
| 18:01 | Build | Farm |
| 18:01 | Create | Villager (Male) |
| 18:22 | Create | Unit 2562 |
| 18:22 | Create | Villager (Male) |
| 18:29 | Create | Unit 2562 |
| 18:33 | Create | Unit 2562 |
| 18:44 | Build | Farm |
| 18:45 | Create | Villager (Male) |
| 19:01 | Create | Unit 2562 |
| 19:12 | Create | Villager (Male) |
| 19:13 | Create | Unit 2562 |
| 19:23 | Create | Unit 2562 |
| 19:31 | Create | Unit 2562 |
| 19:32 | Create | Villager (Male) |
| 19:39 | Create | Unit 2562 |
| 20:04 | Create | Unit 2562 |
| 20:05 | Create | Villager (Male) |
| 20:17 | Build | Settlement |
| 20:18 | Create | Villager (Male) |
| 20:19 | Create | Unit 2562 |
| 20:32 | Create | Villager (Male) |
| 20:39 | Research | Fletching |
| 20:40 | Create | Unit 2562 |
| 20:46 | Build | Farm |
| 20:50 | Build | Farm |
| 20:50 | Create | Unit 2562 |
| 20:56 | Create | Villager (Male) |
| 21:25 | Research | Bodkin Arrow |
| 21:25 | Research | Bodkin Arrow |
| 21:25 | Research | Bodkin Arrow |
| 21:32 | Build | Farm |
| 21:37 | Create | Villager (Male) |
| 21:56 | Research | Padded Archer Armor |
| 21:57 | Research | Padded Archer Armor |
| 21:58 | Create | Unit 2562 |
| 22:09 | Create | Unit 2562 |
| 22:15 | Create | Villager (Male) |
| 22:20 | Build | Settlement |
| 22:25 | Create | Unit 2562 |
| 22:31 | Create | Unit 2562 |
| 22:32 | Create | Villager (Male) |
| 22:51 | Create | Unit 2562 |
| 22:52 | Create | Villager (Male) |
| 22:59 | Create | Villager (Male) |
| 23:09 | Research | Horse Collar |
| 23:10 | Create | Unit 2562 |
| 23:17 | Create | Unit 2562 |
| 23:38 | Create | Unit 2562 |
| 23:38 | Create | Villager (Male) |
| 23:52 | Research | Gold Mining |
| 23:54 | Create | Unit 2562 |
Match timeline
| 4:23 | KIV.YourAddHere · first_building Barracks |
| 5:43 | DYN_BenderGC · wall_segment Palisade Wall x1 |
| 7:02 | DYN_BenderGC · wall_segment Palisade Wall x5 |
| 7:13 | DYN_BenderGC · wall_segment Palisade Wall x5 |
| 7:55 | DYN_BenderGC · wall_segment Palisade Wall x4 |
| 9:56 | DYN_BenderGC · wall_segment Palisade Wall x1 |
| 9:58 | DYN_BenderGC · wall_segment Palisade Wall x1 |
| 10:02 | DYN_BenderGC · wall_segment Palisade Wall x1 |
| 10:04 | DYN_BenderGC · wall_segment Palisade Wall x1 |
| 10:11 | KIV.YourAddHere · age_up feudal |
| 10:22 | DYN_BenderGC · wall_segment Palisade Wall x1 |
| 10:26 | DYN_BenderGC · wall_segment Palisade Wall x1 |
| 10:36 | DYN_BenderGC · wall_segment Palisade Wall x1 |
| 10:38 | DYN_BenderGC · wall_segment Palisade Wall x1 |
| 10:39 | DYN_BenderGC · wall_segment Palisade Wall x1 |
| 10:43 | KIV.YourAddHere · first_building Archery Range |
| 10:44 | DYN_BenderGC · wall_segment Palisade Wall x1 |
| 10:45 | DYN_BenderGC · wall_segment Palisade Wall x1 |
| 11:06 | DYN_BenderGC · wall_segment Palisade Wall x1 |
| 11:10 | DYN_BenderGC · age_up feudal |
| 11:38 | KIV.YourAddHere · wall_segment Palisade Wall x14 |
| 11:40 | DYN_BenderGC · wall_segment Palisade Wall x3 |
| 11:55 | DYN_BenderGC · wall_segment Palisade Wall x1 |
| 12:00 | DYN_BenderGC · wall_segment Palisade Wall x1 |
| 12:01 | DYN_BenderGC · wall_segment Palisade Wall x1 |
| 12:03 | DYN_BenderGC · wall_segment Palisade Wall x1 |
| 12:07 | DYN_BenderGC · wall_segment Palisade Wall x1 |
| 12:27 | DYN_BenderGC · wall_segment Palisade Wall x1 |
| 12:28 | DYN_BenderGC · wall_segment Palisade Wall x1 |
| 12:28 | DYN_BenderGC · wall_segment Palisade Wall x1 |
| 12:29 | DYN_BenderGC · wall_segment Palisade Wall x1 |
| 12:29 | DYN_BenderGC · wall_segment Palisade Wall x1 |
| 12:32 | DYN_BenderGC · wall_segment Palisade Wall x1 |
| 12:34 | DYN_BenderGC · wall_segment Palisade Wall x1 |
| 12:53 | DYN_BenderGC · wall_segment Palisade Wall x1 |
| 13:01 | DYN_BenderGC · first_market_sell 100 food |
| 14:02 | DYN_BenderGC · wall_segment Palisade Wall x1 |
| 14:15 | DYN_BenderGC · wall_segment Palisade Wall x1 |
| 15:17 | DYN_BenderGC · first_market_buy 100 stone |
| 15:41 | KIV.YourAddHere · wall_segment Palisade Wall x3 |
| 15:42 | DYN_BenderGC · age_up castle |
| 15:42 | KIV.YourAddHere · wall_segment Palisade Wall x3 |
| 15:43 | KIV.YourAddHere · wall_segment Palisade Wall x4 |
| 15:43 | KIV.YourAddHere · wall_segment Palisade Wall x1 |
| 15:54 | DYN_BenderGC · first_building Castle |
| 18:56 | KIV.YourAddHere · wall_segment Palisade Wall x1 |
| 19:26 | KIV.YourAddHere · wall_segment Palisade Wall x8 |
| 19:35 | KIV.YourAddHere · wall_segment Palisade Wall x13 |
| 19:55 | KIV.YourAddHere · first_market_buy 100 stone |
| 21:01 | KIV.YourAddHere · age_up castle |
| 21:05 | KIV.YourAddHere · first_building Siege Workshop |
| 25:02 | KIV.YourAddHere · first_building Castle |
| 30:31 | KIV.YourAddHere · first_market_sell 100 stone |
| 37:22 | KIV.YourAddHere · first_building Monastery |
| 39:37 | DYN_BenderGC · age_up imperial |
| 43:01 | DYN_BenderGC · first_building Siege Workshop |
| 53:57 | KIV.YourAddHere · age_up imperial |
| 65:21 | DYN_BenderGC · first_building Monastery |
| 79:03 | DYN_BenderGC · first_building Barracks |
| 79:48 | DYN_BenderGC · first_building Archery Range |
| 83:32 | KIV.YourAddHere · resign |
[ AI ANALYSIS · 1 CREDIT ]
What really happened in this match?
Wolo.gg analyzes every decision: build order, eco, micro, common mistakes by bracket. Personalized analysis on WhatsApp or Discord in 30 seconds.
Civ guide
Muisca
Perfil
Jugador #389780